AoeStats
← BN27

Arabia

510274702Analyzed
1v1 RM · 3d ago on Sep 30, 2026· 51m 30s· 2 players
Game mode
Random Map
Map size
Tiny (2 player)
Population
200
Speed
Normal
Resources
Standard
Victory
Conquest
Starting age
Dark Age
Ending age
Imperial Age
RankedLock teamsTeams togetherTeam positionsShared explorationLock speedFull tech treeHidden civsTurbo modeCheats
Victory
Defeat
🇫🇷 Koreans · France
1680
+18
🇩🇪 Spanish · Germany
1724
-18
Le Soldat Rouge
6:02 Loom
9:15 Feudal Age
9:46 Double-Bit Axe
9:41 Horse Collar
9:46 Horse Collar
16:28 Gold Mining
20:24 Castle Age
19:26 Fletching
20:26 Crossbowman
21:01 Bodkin Arrow
21:17 Bow Saw
24:09 Wheelbarrow
25:14 Heavy Plow
29:07 Thumb Ring
30:53 Ballistics
31:31 Hand Cart
31:01 Town Watch
34:28 Imperial Age
34:00 Masonry
33:46 Murder Holes
34:30 Arbalester
35:39 Bracer
38:53 Chemistry
39:38 Architecture
39:16 Siege Engineers
42:19 Architecture
41:31 Treadmill Crane
41:43 Light Cavalry
42:29 Scale Barding Armor
42:35 Forging
42:59 Husbandry
42:48 Hussar
43:49 Chain Barding Armor
44:32 Hand Cart
44:53 Iron Casting
46:06 Conscription
BN27
7:27 Loom
9:39 Feudal Age
10:09 Horse Collar
10:15 Double-Bit Axe
16:18 Wheelbarrow
19:33 Castle Age
18:13 Gold Mining
18:39 Stone Mining
20:33 Bloodlines
20:24 Husbandry
20:38 Bow Saw
20:35 Scale Barding Armor
20:43 Scale Barding Armor
29:58 Padded Archer Armor
31:12 Devotion
34:39 Hand Cart
36:40 Leather Archer Armor
39:37 Imperial Age
38:08 Ballistics
37:54 Fletching
38:09 Town Watch
38:41 Heavy Plow
38:36 Elite Skirmisher
39:13 Bodkin Arrow
39:31 Masonry
40:19 Bracer
41:27 Chemistry
43:32 Ring Archer Armor
45:37 Scale Mail Armor
45:47 Forging
46:09 Chain Barding Armor
46:59 Cavalier
49:26 Plate Barding Armor
Connection lost

Rejoining the realm…

Still unreachable

The connection could not be restored.

Session expired

The server has moved on; the page needs a fresh start.